[Event "*** Titled Tuesday 3|2 Blitz (Early)"]
[Site "Chess.com"]
[Date "2017.01.03"]
[Round "6"]
[White "ChessWarrior7197"]
[Black "PelinGorki"]
[Result "0-1"]
[WhiteElo "2486"]
[BlackElo "2391"]
[TimeControl "180+2"]
[EndTime "12:16:25 PST"]
[Termination "PelinGorki won by resignation"]

1. e4 d6 2. d4 Nf6 3. Nc3 c6 4. a4 a5 5. g3 Bg4 6. f3 Bd7 7.
Bg2 e5 8. Nge2 Be7 9. O-O O-O 10.
Kh1 Na6 11. Be3 Nb4 12. Qd2 Qc7 13. Rad1 Rad8 14. Bg1 d5 15. exd5 Nfxd5 16. Nxd5 Nxd5 17. c3 exd4 18. Nxd4 Bf6 19. Qc2 Rfe8 20. Rfe1 Qb8 21.
Qc1 Rxe1 22. Rxe1 Re8 23. f4 Nb6 24. b3 c5 25. Nb5 Bxb5 26. axb5 Rxe1 27. Qxe1 Nd7 28.
Qe4 b6 29. Qc6 Qd8 30. c4 g6 31.
Bd5 Kg7 32. Kg2 Qe7 33. Bf2 Bd4 34. Kf3 Nf6 35. h3 Nd7 36. Qb7 Qd6 37. Be1 h6 38. Bd2 g5 39. Qc6 Qe7 40. Qc7 Ne5+ 41. Qxe5+ Bxe5 42.
fxe5 Qxe5 43. Be4 f5 44. Bc2 Qb2 45. Bxg5 hxg5 46. Bd1 Qd2 47. Be2 Qc3+ 48. Kf2 Qxb3 49. h4 gxh4 50. gxh4 a4 51. h5 a3 52. h6+ Kxh6 53.
Bf1 a2 54. Be2 a1=Q 55. Bf1 Qd4+ 56. Kg2 Qg4+ 57. Kf2 Qbf3+ 58. Ke1 Qd1+ 59. Kf2 0-1

[Event "*** Titled Tuesday 3|2 Blitz (Early)"]
[Site "Chess.com"]
[Date "2017.01.03"]
[Round "6"]
[White "Imre91"]
[Black "Aygehovit1992"]
[Result "1-0"]
[WhiteElo "2683"]
[BlackElo "2464"]
[TimeControl "180+2"]
[EndTime "12:16:29 PST"]
[Termination "Imre91 won by checkmate"]

1. d4 Nf6 2. Bg5 d5 3. Nf3 Ne4 4. Bh4 c5 5. e3 Nc6 6. c3 Qb6 7. Qc1 Bf5 8. Nbd2 e6 9. Be2 Rc8 10. O-O cxd4 11. exd4 Bd6 12. Re1 Bf4 13. Bg3 Bxd2 14.
Nxd2 Nxg3 15. hxg3 Nxd4 16. Bd1 O-O 17. Bb3 Rfd8 18.
Qd1 Nxb3 19. axb3 a6 20. Ra4 d4 21. c4 d3 22. Qf3 h6 23. Qe3 Qxe3 24. Rxe3 Rc6 25. f3 b5 26. Ra5 Rb8 27. Ra2 f6 28. f4 g5 29. Kf2 Kf7 30. Re1 gxf4 31. gxf4 Rcb6 32. c5 Rc6 33. b4 Rd8 34. Ke3 e5 35. fxe5 fxe5 36. Rf1 Ke6 37. Rfa1 Ra8 38. Ra5 Kd5 39.
Rxb5 Rg8 40. Rb6 Rxb6 41. cxb6 Rxg2 42. b7 Rg3+ 43. Kf2 Rg8 44. Rxa6 Rb8 45. Rb6 Bd7 46. Nf1 Rf8+ 47. Ke3 Rb8 48. Kd2 e4 49.
Ne3+ Ke5 50. Nc4+ Kd4 51. b3 h5 52. Rd6# 1-0

[Event "*** Titled Tuesday 3|2 Blitz (Early)"]
[Site "Chess.com"]
[Date "2017.01.03"]
[Round "6"]
[White "pedromartinez91"]
[Black "Pierrebl"]
[Result "0-1"]
[WhiteElo "2324"]
[BlackElo "2473"]
[TimeControl "180+2"]
[EndTime "12:16:39 PST"]
[Termination "Pierrebl won by resignation"]

1. e3 c5 2. Nf3 g6 3. g3 Bg7 4.
Bg2 Nf6 5. O-O O-O 6. d4 b6 7. c4 cxd4 8. Nxd4 d5 9. cxd5 Nxd5 10. Nf5 Bxf5 11. Qxd5 Na6 12. Qxa8 Qxa8 13. Bxa8 Rxa8 14. Nc3 Nb4 15. Bd2 Rd8 16. e4 Rxd2 17. exf5 Rxb2 18. Rac1 Nd3 19. Na4 Nxc1 20. Nxb2 Bxb2 21. fxg6 hxg6 22. Re1 e6 23. Re4 Nd3 24. Kf1 Nc5 25. Rc4 e5 26. Ke2 Bd4 27. h4 f5 28. f4 Kf7 29. fxe5 Bxe5 30.
Kf3 Ke6 31. g4 fxg4+ 32. Kxg4 Bf6 33. Rc2 a5 34. Re2+ Kd5 35. Rf2 Be7 36. Rf7 Ke6 37.
Rf2 b5 38. Re2+ Kd6 39. Rd2+ Kc6 40. Re2 Bf6 41. Rf2 Nd7 42. Rc2+ Kd5 43. Rd2+ Bd4 44. Kg5 Ne5 45. Rc2 b4 46. Rc8 a4 47. Ra8 a3 48.
Rc8 Bc3 49. Kf6 Ke4 50. Kg5 Kd3 51. Rf8 Kc2 52. Rf2+ Kb1 53. Rg2 Bb2 54. Rg4 Nxg4 55. Kxg6 Kxa2 0-1

[Event "*** Titled Tuesday 3|2 Blitz (Early)"]
[Site "Chess.com"]
[Date "2017.01.03"]
[Round "6"]
[White "stefanodinn"]
[Black "underdogchss"]
[Result "0-1"]
[WhiteElo "2210"]
[BlackElo "2299"]
[TimeControl "180+2"]
[EndTime "12:16:39 PST"]
[Termination "underdogchss won on time"]

1. e4 e5 2. Nf3 Nc6 3. Bb5 a6 4. Ba4 Nf6 5. O-O Be7 6. Re1 b5 7. Bb3 d6 8. c3 O-O 9. h3 Nb8 10. d4 Nbd7 11. Nbd2 c5 12. Bc2 Rb8 13. Nf1 Re8 14. Ng3 Bf8 15. Nf5 Qc7 16. Bg5 h6 17. Bh4 g6 18. Ne3 Bb7 19. d5 c4 20. Rf1 Nh5 21.
Nd2 Nf4 22. Bg3 Nc5 23. Bxf4 exf4 24. Ng4 Bg7 25. Qf3 h5 26. Nh2 Bh6 27. Rfe1 Qe7 28.
Qd1 Bc8 29. Nhf3 Bd7 30. e5 Bg7 31. exd6 Qxd6 32. Ne4 Nxe4 33. Bxe4 b4 34. Qd2 bxc3 35.
bxc3 Rb5 36. Rad1 Reb8 37. Bc2 Rb2 38. Nd4 Bxd4 0-1

[Event "*** Titled Tuesday 3|2 Blitz (Early)"]
[Site "Chess.com"]
[Date "2017.01.03"]
[Round "6"]
[White "Tash_Boy"]
[Black "alturas_pacificas"]
[Result "1-0"]
[WhiteElo "2443"]
[BlackElo "2017"]
[TimeControl "180+2"]
[EndTime "12:16:44 PST"]
[Termination "Tash_Boy won by checkmate"]

1. e4 e5 2. Nf3 Nf6 3. Nxe5 d6 4. Nf3 Nxe4 5. c4 Be7 6. Nc3 Nxc3 7. dxc3 O-O 8. Bd3 Nd7 9. O-O Nc5 10. Bc2 Bg4 11. b4 Ne6 12. Qd3 g6 13. Bh6 Re8 14. Nd4 Bf8 15. Bxf8 Rxf8 16. Qg3 Nxd4 17. cxd4 Bd7 18. h4 Qf6 19. Rad1 Rae8 20. h5 Re2 21. Bd3 Rxa2 22.
Rfe1 Re8 23. Rxe8+ Bxe8 24. Re1 Bd7 25. Re4 Bf5 26. Re8+ Kg7 27. Qf4 Ra1+ 28. Kh2 h6 29.
hxg6 fxg6 30. d5 Rd1 31. Bxf5 Qxf5 32. Re7+ Kf6 33. Qh4+ g5 34. Re6+ Kf7 35. Qh5+ Kg8 36. Qe8+ Kg7 37. Re7+ Kf6 38. Qf7# 1-0

[Event "*** Titled Tuesday 3|2 Blitz (Early)"]
[Site "Chess.com"]
[Date "2017.01.03"]
[Round "6"]
[White "RitvarsReimanis"]
[Black "Fablibi"]
[Result "1-0"]
[WhiteElo "2450"]
[BlackElo "2476"]
[TimeControl "180+2"]
[EndTime "12:16:48 PST"]
[Termination "RitvarsReimanis won by resignation"]

1. d4 g6 2. Bf4 Bg7 3. Nf3 d6 4. h3 Nd7 5. e3 e5 6. Bg5 f6 7.
Bh4 Nh6 8. dxe5 dxe5 9. e4 O-O 10. Bc4+ Kh8 11. O-O Qe7 12. Qe2 Nb6 13. Bb3 Be6 14. Nc3 c6 15. Rfd1 Nf7 16. Na4 Nxa4 17. Bxa4 Rfd8 18.
Bb3 a5 19. Bxe6 Qxe6 20. a3 a4 21. Ne1 Nd6 22. f3 Qc4 23. Nd3 Nb5 24. Bf2 Bh6 25.
Nf4 Qxe2 26. Nxe2 Nd6 27. Bb6 Rd7 28. Rd3 Bf8 29. Rad1 Kg7 30. c4 Kf7 31. c5 Ra6 32.
Nc3 Ke6 33. Na2 Rxb6 34. cxb6 Rf7 35. Nc3 Nc4 36. Nxa4 Nxb6 37. Nxb6 Bc5+ 38. Kf1 Bxb6 39. Rd6+ Ke7 40. Rd7+ Ke8 41. Rxf7 Kxf7 42. Rd7+ Ke6 43. Rxb7 1-0

[Event "*** Titled Tuesday 3|2 Blitz (Early)"]
[Site "Chess.com"]
[Date "2017.01.03"]
[Round "6"]
[White "ajkom197"]
[Black "Ilja_Semjonovs"]
[Result "1-0"]
[WhiteElo "2312"]
[BlackElo "2163"]
[TimeControl "180+2"]
[EndTime "12:16:57 PST"]
[Termination "ajkom197 won by resignation"]

1. d4 Nf6 2. Bf4 c5 3. c3 cxd4 4. cxd4 g6 5. Nc3 Bg7 6. e3 O-O 7. Nf3 b6 8. Be2 Bb7 9. O-O d6 10. h3 Nbd7 11. Rc1 a6 12. Qb3 h6 13. Bh2 Re8 14.
Rfd1 Rc8 15. Bc4 Rf8 16. Be2 Re8 17. Nh4 d5 18. Nf3 Ne4 19. Nxe4 dxe4 20. Ne5 Rxc1 21. Qxf7+ Kh8 22. Nxg6+ Kh7 23. Rxc1 Nf6 24. Ne5 Bd5 25. Qg6+ Kg8 26. Bf4 Rf8 27. Bxh6 Ne8 28. Bxg7 Nxg7 29. Bc4 Rf6 30. Qg4 Bxc4 31. Rxc4 e6 32. Qxe4 Rf5 33. Ng4 Qg5 34. Rc7 Rf8 35. Rd7 Kh8 36. d5 Re8 37.
d6 Qf5 38. Qxf5 exf5 39. Nf6 Rf8 40. Nd5 Kg8 41. Rb7 Rd8 42. Rxb6 Kf7 43. Rb7+ Kf8 44. d7 1-0

[Event "*** Titled Tuesday 3|2 Blitz (Early)"]
[Site "Chess.com"]
[Date "2017.01.03"]
[Round "6"]
[White "Izoria123"]
[Black "Krutoy123"]
[Result "0-1"]
[WhiteElo "2409"]
[BlackElo "2493"]
[TimeControl "180+2"]
[EndTime "12:16:59 PST"]
[Termination "Krutoy123 won by resignation"]

1. Nf3 Nf6 2. c4 g6 3. g3 Bg7 4. Bg2 O-O 5. O-O d6 6. Nc3 Nc6 7. d4 Bd7 8. b3 Rb8 9. Bb2 a6 10. Nd5 Nxd5 11. cxd5 Nb4 12. Ne1 c6 13. dxc6 Bxc6 14.
Qd2 Qb6 15. Nf3 Rfc8 16. Rfc1 Bxf3 17. Bxf3 Rxc1+ 18. Rxc1 Nxa2 19. Rc4 Qxb3 20. Rc7 Bf6 21. g4 Qb6 22. Rd7 Qb5 23. Rc7 Nb4 24. d5 Qa5 25.
Bxf6 Qxc7 26. Bb2 Qc5 27. Qh6 f6 28. g5 Nxd5 29. gxf6 Nxf6 30. Qf4 b5 31. Bxf6 exf6 32. Qxf6 Qe5 33. Qh4 a5 34. Bg4 b4 35. Qh3 a4 36.
Qd3 b3 37. Qc4+ d5 0-1

[Event "*** Titled Tuesday 3|2 Blitz (Early)"]
[Site "Chess.com"]
[Date "2017.01.03"]
[Round "6"]
[White "Holden-Caulfield"]
[Black "andretta"]
[Result "1-0"]
[WhiteElo "2452"]
[BlackElo "2440"]
[TimeControl "180+2"]
[EndTime "12:17:04 PST"]
[Termination "Holden-Caulfield won by resignation"]

1. d4 Nf6 2. Nf3 d5 3. Bf4 c5 4. e3 e6 5. c3 Nc6 6. Nbd2 Bd6 7. Bg3 O-O 8. Bb5 h6 9. O-O Bxg3 10. hxg3 Qd6 11. Re1 b6 12. Qe2 Bb7 13. Rad1 Rac8 14. Bxc6 Bxc6 15. Ne5 Bb7 16. Qb5 Rfd8 17. a3 a6 18. Qa4 b5 19. Qb3 Bc6 20. Ndf3 c4 21. Qc2 a5 22. Nxc6 Qxc6 23. Ne5 Qd6 24. f3 Nd7 25. Nxd7 Rxd7 26. Kf2 b4 27. axb4 axb4 28.
Ra1 bxc3 29. bxc3 Rb7 30. Reb1 Rcb8 31. e4 Rb3 32. exd5 Qxd5 33. Kg1 Qg5 34. Kh2 Qe3 35. Rxb3 cxb3 36. Qb2 Rb5 37. g4 Qf4+ 38. Kg1 h5 39. Ra3 hxg4 40. Rxb3 Rxb3 41. Qxb3 gxf3 42. gxf3 Qxf3 43.
Qb8+ Kh7 44. Qh2+ Kg6 45. Qc2+ Kf6 46. Qd2 g5 47. Qe1 g4 48. Qe5+ Kg6 49. c4 g3 50. Qe1 Qg4 51. Qe3 e5 52. dxe5 Qh3 53. Qe4+ Kg7 54. Qe2 Qf5 55. Kg2 Qg5 56. c5 f6 57. e6 f5 58. e7 f4 59. e8=Q Qd5+ 60. Q8e4 Qxe4+ 61. Qxe4 1-0

[Event "*** Titled Tuesday 3|2 Blitz (Early)"]
[Site "Chess.com"]
[Date "2017.01.03"]
[Round "6"]
[White "saraswathii"]
[Black "Makalexa"]
[Result "1-0"]
[WhiteElo "1622"]
[BlackElo "2158"]
[TimeControl "180+2"]
[EndTime "12:17:07 PST"]
[Termination "saraswathii won by checkmate"]

1. d4 Nf6 2. Bf4 d6 3. e3 g6 4. Nf3 Bg7 5. Be2 O-O 6. O-O Nfd7 7. Nbd2 e5 8. Bg3 Nc6 9. c3 Qe7 10. Qc2 f5 11. h3 f4 12. exf4 exf4 13. Bc4+ Kh8 14. Bh4 Bf6 15. Rae1 Qg7 16. Bxf6 Nxf6 17. Ng5 d5 18. Bd3 Bd7 19. Ne6 Bxe6 20. Rxe6 Rae8 21. Rfe1 Qf7 22. Rxe8 Rxe8 23. Qd1 Kg7 24. Bb5 Ne4 25. Bxc6 bxc6 26. Nf3 Qf6 27. Ne5 Qh4 28. Qc2 c5 29. Rf1 c4 30. Qa4 Re7 31. Qxa7 Qg5 32. f3 Ng3 33. Re1 Nf5 34. Rf1 Ne3 35. Rf2 Qf5 36.
Qc5 Qg5 37. a4 c6 38. Nxc6 Rf7 39. Ne5 Rb7 40. a5 Qf5 41. a6 Qb1+ 42. Kh2 Rxb2 43.
Qe7+ Kh6 44. Nf7+ Kh5 45. Qg5# 1-0

[Event "*** Titled Tuesday 3|2 Blitz (Early)"]
[Site "Chess.com"]
[Date "2017.01.03"]
[Round "6"]
[White "Buffy7"]
[Black "Zlatan56"]
[Result "1-0"]
[WhiteElo "2506"]
[BlackElo "2644"]
[TimeControl "180+2"]
[EndTime "12:17:09 PST"]
[Termination "Buffy7 won by resignation"]

1. Nf3 g6 2. g3 Bg7 3. Bg2 e5 4.
O-O Ne7 5. c4 O-O 6. Nc3 Nbc6 7.
Rb1 d6 8. b4 f5 9. b5 Na5 10.
Qa4 c5 11. bxc6 bxc6 12. e3 Bd7 13. d3 c5 14. Qc2 Nac6 15. a3 Kh8 16. Bb2 Be6 17. Ng5 Bg8 18. f4 Qd7 19. Nd5 Rae8 20. Nxe7 Nxe7 21. Bc3 Rb8 22. Rb2 Nc6 23. Rfb1 Rxb2 24. Rxb2 d5 25. Qa4 e4 26. Bxg7+ Qxg7 27. Rb1 Ne7 28. dxe4 dxe4 29. Qxa7 h6 30. Nh3 Re8 31.
Qxc5 Qc3 32. Bf1 Nd5 33. Qd4+ Qxd4 34. exd4 Ne3 35. d5 Rc8 36. Rb4 Bxd5 37. cxd5 Rc1 38. Kf2 Nxf1 39. d6 Nxh2 40. d7 Ng4+ 41. Ke2 Rc2+ 42.
Ke1 1-0

[Event "*** Titled Tuesday 3|2 Blitz (Early)"]
[Site "Chess.com"]
[Date "2017.01.03"]
[Round "6"]
[White "QuintilianoR"]
[Black "danir29"]
[Result "0-1"]
[WhiteElo "2532"]
[BlackElo "2470"]
[TimeControl "180+2"]
[EndTime "12:17:12 PST"]
[Termination "danir29 won by resignation"]

1. d4 d6 2. e4 g6 3. Nc3 Bg7 4. f4 a6 5. Nf3 b5 6. Bd3 Bb7 7. e5 c5 8. dxc5 dxc5 9. Qe2 Nh6 10. Be4 Qc8 11. Bxb7 Qxb7 12. Ne4 Nd7 13. e6 fxe6 14.
Neg5 Bf6 15. Nxe6 Nf5 16. c3 Rc8 17. O-O Rc6 18. g4 Ng7 19. Nfg5 Nxe6 20. Nxe6 Qb6 21.
f5 gxf5 22. gxf5 Rg8+ 23. Kh1 Ne5 24. Qh5+ Kd7 25. Bf4 Nd3 26. Rad1 c4 27. Qf3 Kc8 28. Bg3 Nxb2 29. Rd5 Nd3 30. Nd4 Bxd4 31. Rxd4 h5 32.
Qxh5 Rd8 33. Qg4 Rxd4 34. Qxd4 Qxd4 35. cxd4 c3 36. d5 Rc4 37. d6 Kd7 38. dxe7 Kxe7 39. f6+ Kf7 0-1

[Event "*** Titled Tuesday 3|2 Blitz (Early)"]
[Site "Chess.com"]
[Date "2017.01.03"]
[Round "6"]
[White "Lupul_Cenusiu"]
[Black "Egorov_Pavel"]
[Result "1-0"]
[WhiteElo "2465"]
[BlackElo "2305"]
[TimeControl "180+2"]
[EndTime "12:17:13 PST"]
[Termination "Lupul_Cenusiu won on time"]

1. d4 Nf6 2. c4 g6 3. Nc3 d5 4.
Nf3 Bg7 5. e3 O-O 6. Qb3 e6 7. Bd2 b6 8. cxd5 exd5 9. Be2 Bb7 10. O-O Nbd7 11. Rad1 Qc8 12. Rc1 c5 13. dxc5 Nxc5 14. Qa3 Qd8 15. Rfd1 Nfe4 16. Be1 Qf6 17. b4 Ne6 18. Nxd5 Bxd5 19. Rxd5 Rfd8 20. Rxd8+ Qxd8 21. Qd3 Qxd3 22. Bxd3 Nd6 23. Nd2 Rd8 24. Be2 h5 25. Kf1 Rc8 26. Rxc8+ Nxc8 27. Nc4 Ne7 28. Nd6 Be5 29. Nc4 Bc7 30. h3 Nd5 31. g3 Kf8 32. a4 Ke8 33. Bd2 Kd7 34. Bd3 Ne7 35. Ke2 Nc6 36. f4 Ne7 37. Be4 f5 38. Bf3 Nd8 39. Bc3 Nf7 40. e4 Nh6 41. e5 Nf7 42. b5 Nd8 43. Bb4 Ne6 44. Kd3 g5 45. Bxe7 Kxe7 46. Ne3 gxf4 47. Nd5+ Kd7 48. gxf4 h4 49. Bd1 Nc5+ 50.
Kd4 Ne6+ 51. Kc4 Nc5 52. Bc2 Ke6 53. Nxc7+ 1-0

[Event "*** Titled Tuesday 3|2 Blitz (Early)"]
[Site "Chess.com"]
[Date "2017.01.03"]
[Round "6"]
[White "AndrBaryshpolets"]
[Black "platy3"]
[Result "1-0"]
[WhiteElo "2443"]
[BlackElo "2610"]
[TimeControl "180+2"]
[EndTime "12:17:14 PST"]
[Termination "AndrBaryshpolets won by resignation"]

1. d4 Nf6 2. c4 e6 3. Nf3 d5 4.
Nc3 Be7 5. Bf4 O-O 6. e3 b6 7. Rc1 dxc4 8. Bxc4 a6 9. O-O Bb7 10. Qe2 Nbd7 11. Rfd1 b5 12. Bd3 Nh5 13. Be4 Nxf4 14. exf4 Bxe4 15. Nxe4 Nf6 16. Nxf6+ Bxf6 17. Qe4 Rb8 18. g3 Rb6 19. Ne5 Rd6 20. Rc5 Rd5 21. Rxd5 exd5 22. Qc2 Qd6 23. Rc1 Qb4 24. Qc3 Qa4 25.
a3 h6 26. Qb4 Qxb4 27. axb4 Be7 28. Rxc7 Bxb4 29. Ra7 a5 30. Nc6 Rc8 31. Nxb4 axb4 32. Rd7 b3 33. Rxd5 Rc2 34. Rxb5 Rxb2 35. Rb8+ Kh7 36.
d5 Rd2 37. Rxb3 Rxd5 38. Rb6 Rd1+ 39. Kg2 Rd2 40. g4 Rd4 41. Kg3 Rd3+ 42. f3 Ra3 43. f5 Ra4 44. h4 Ra1 45. g5 hxg5 46. hxg5 Ra4 47. Rd6 Rb4 48. Rd7 Kg8 49. Re7 Ra4 50. Re4 Ra6 51. Kg4 Kh7 52. Rd4 Rb6 53. Rd7 Kg8 54.
Rd8+ Kh7 55. Rf8 Rb7 56. Rxf7 Rxf7 57. g6+ Kg8 58. gxf7+ Kxf7 59. Kg5 Kg8 60. Kg6 Kf8 61. f6 gxf6 62. Kxf6 Kg8 63. f4 1-0

[Event "*** Titled Tuesday 3|2 Blitz (Early)"]
[Site "Chess.com"]
[Date "2017.01.03"]
[Round "6"]
[White "Firebullet"]
[Black "Kawhi_Leonard2"]
[Result "1-0"]
[WhiteElo "2296"]
[BlackElo "2196"]
[TimeControl "180+2"]
[EndTime "12:17:16 PST"]
[Termination "Firebullet won on time"]

1. d4 Nf6 2. c4 c5 3. d5 e6 4. Nc3 exd5 5. cxd5 d6 6. Nf3 g6 7.
Nd2 Nbd7 8. Nc4 Nb6 9. e4 Bg7 10. Bf4 Nxc4 11. Bxc4 a6 12. a4 O-O 13. O-O Re8 14. Re1 Nh5 15. Bd2 Qh4 16. Qc2 Be5 17. f4 Nxf4 18. Bxf4 Qxf4 19. g3 Bd4+ 20. Kg2 Qg4 21. Be2 Qh3+ 22. Kh1 Bg4 23. Bf1 Qh5 24. Bg2 f5 25. Ne2 Bxe2 26. Rxe2 fxe4 27. Rxe4 Re5 28. Rf1 Rae8 29. Ref4 Re2 30. Qc1 Rxb2 31. Rxd4 Qe2 32. Qxb2 Qxb2 33. Rdf4 b5 34. g4 c4 35. g5 c3 36. Bh3 Qe2 37. Bd7 1-0

[Event "*** Titled Tuesday 3|2 Blitz (Early)"]
[Site "Chess.com"]
[Date "2017.01.03"]
[Round "6"]
[White "RamonManon0g"]
[Black "FlySooHigh"]
[Result "0-1"]
[WhiteElo "2277"]
[BlackElo "2456"]
[TimeControl "180+2"]
[EndTime "12:17:20 PST"]
[Termination "FlySooHigh won by resignation"]

1. d4 Nf6 2. Bg5 c5 3. d5 b5 4. Bxf6 gxf6 5. e4 a6 6. d6 exd6 7. Nc3 Bb7 8. Qh5 Qe7 9. O-O-O Qe5 10. Qh4 Qg5+ 11. Qxg5 fxg5 12. Nf3 Be7 13. Nd5 Bd8 14.
c3 Nc6 15. Bd3 g4 16. Nd2 Ne5 17. Be2 Bxd5 18. exd5 f5 19. h3 Bg5 20. hxg4 fxg4 21. Kc2 Bxd2 22. Rxd2 O-O 23. Bd1 Rf6 24. f3 gxf3 25.
gxf3 Raf8 26. Rg2+ Kh8 27. Rf1 Nxf3 28. Bxf3 Rxf3 29.
Re1 Rf2+ 30. Re2 Rxg2 31. Rxg2 Rf5 32. Re2 Kg7 33. Re7+ Rf7 34. Re4 h5 35. b3 Kg6 36.
Kd3 Rh7 37. Rh4 Kg5 38. Rh1 h4 39. Ke4 h3 40. Rg1+ Kh4 41. Rh1 Kg3 42. Rg1+ Kf2 43.
Rh1 h2 0-1

[Event "*** Titled Tuesday 3|2 Blitz (Early)"]
[Site "Chess.com"]
[Date "2017.01.03"]
[Round "6"]
[White "davidarenas1224"]
[Black "chesswooog"]
[Result "0-1"]
[WhiteElo "2195"]
[BlackElo "2161"]
[TimeControl "180+2"]
[EndTime "12:17:21 PST"]
[Termination "chesswooog won by resignation"]

1. e4 c5 2. Nf3 d6 3. d4 cxd4 4.
Nxd4 Nf6 5. Nc3 g6 6. Be3 Bg7 7. f3 Nc6 8. Qd2 O-O 9. g4 Nxd4 10. Bxd4 Be6 11. h4 h5 12. O-O-O Rc8 13. Kb1 Kh7 14.
gxh5 Nxh5 15. Rg1 Bxd4 16. Qxd4 Qb6 17. Qxb6 axb6 18. Na4 Ra8 19. b3 b5 20. Bxb5 Ra5 21. Bd3 b5 22. Nc3 b4 23. Ne2 Rfa8 24. Nc1 Nf4 25. Kb2 d5 26. c3 bxc3+ 27. Kxc3 Nxd3 28.
Rxd3 dxe4 29. fxe4 Rh5 30. a4 Rc8+ 31. Kb2 Rxh4 32.
Re3 Rh2+ 33. Re2 Rh3 34. Rgg2 Kg7 35. Rc2 Rb8 36. Rc3 Rh4 37. e5 Rxa4 38. Nd3 Re4 39. Rg5 Re2+ 40. Ka3 Re3 41. Kb2 Bxb3 42. Rxb3 Rxb3+ 43.
Kxb3 Rxd3+ 44. Kc4 Rd1 45. Rg2 f6 46. Re2 fxe5 47.
Rxe5 Kf6 48. Re2 e5 0-1

[Event "*** Titled Tuesday 3|2 Blitz (Early)"]
[Site "Chess.com"]
[Date "2017.01.03"]
[Round "6"]
[White "AdrianaNikolova"]
[Black "MrReinberg"]
[Result "1-0"]
[WhiteElo "2272"]
[BlackElo "2054"]
[TimeControl "180+2"]
[EndTime "12:17:21 PST"]
[Termination "AdrianaNikolova won by checkmate"]

1. e4 c5 2. c3 d5 3. exd5 Qxd5 4. d4 Nf6 5. Nf3 Bg4 6. Be2 e6 7. O-O cxd4 8. cxd4 Bb4 9. a3 Ba5 10. b4 Bc7 11.
Nc3 Qd6 12. Nb5 Qd7 13. Nxc7+ Qxc7 14. h3 Bh5 15. Bg5 Nbd7 16. Rc1 Qd6 17. Ne5 Nxe5 18.
dxe5 Qxd1 19. Bxd1 Ne4 20. Ba4+ Kf8 21. Be3 f6 22. f3 Ng3 23. Rfd1 Nf5 24. Bc5+ Kg8 25. g4 b6 26. Bf2 Bg6 27. gxf5 Bxf5 28. Rc7 h5 29. Rdd7 Rh7 30. Bd4 Bxh3 31. exf6 e5 32. Rxg7+ Rxg7+ 33. Rxg7+ Kf8 34. Bxe5 Rd8 35. Bb3 Bf5 36.
Rg8# 1-0

[Event "*** Titled Tuesday 3|2 Blitz (Early)"]
[Site "Chess.com"]
[Date "2017.01.03"]
[Round "6"]
[White "BjarkeSahl"]
[Black "IIIlllII1llIl"]
[Result "1-0"]
[WhiteElo "2242"]
[BlackElo "2411"]
[TimeControl "180+2"]
[EndTime "12:17:27 PST"]
[Termination "BjarkeSahl won on time"]

1. e4 e5 2. Nf3 Nc6 3. Nc3 Nf6 4. Bc4 Bc5 5. d3 d6 6. h3 Be6 7. O-O Qd7 8. Ng5 O-O-O 9. Nxe6 fxe6 10. a3 Nd4 11. b4 Bb6 12. a4 a6 13. Be3 Rdg8 14. a5 Ba7 15. b5 axb5 16. Nxb5 Nxb5 17. Bxb5 Qxb5 18. Bxa7 g5 19. c4 Qa6 20. Be3 g4 21.
h4 g3 22. f3 Nh5 23. Qb3 Nf4 24. Bxf4 exf4 25. c5 Rg6 26. d4 dxc5 27. dxc5 Rd8 28. Rfd1 Rxd1+ 29. Qxd1 Rh6 30. Qd4 Qc6 31. Qh8+ Kd7 32.
Qg7+ Kc8 33. Qxh6 Qxc5+ 34. Kh1 Qe5 35. Rg1 Kb8 36. Qg5 Qd6 37. e5 Qb4 38. Qg8+ Ka7 39. Qxh7 Qxa5 40. Qg7 Qc3 41. h5 1-0

[Event "*** Titled Tuesday 3|2 Blitz (Early)"]
[Site "Chess.com"]
[Date "2017.01.03"]
[Round "6"]
[White "Iball95"]
[Black "Mazetovic"]
[Result "1-0"]
[WhiteElo "2464"]
[BlackElo "2444"]
[TimeControl "180+2"]
[EndTime "12:17:33 PST"]
[Termination "Iball95 won by resignation"]

1. e4 c5 2. Nf3 Nc6 3. Bb5 g6 4.
Bxc6 bxc6 5. O-O Bg7 6. Re1 e5 7. c3 c4 8. Qa4 Ne7 9. Qxc4 O-O 10. d3 a5 11. Qa4 h6 12. Na3 d6 13. Nc4 f5 14. Be3 Be6 15. Nfd2 d5 16. exd5 cxd5 17. Bb6 Qb8 18. Bc5 dxc4 19. Bxe7 Re8 20. Qa3 cxd3 21.
Bc5 e4 22. Rab1 a4 23. Be3 Bf8 24. Bc5 Bg7 25. f3 Bd5 26. fxe4 Bxe4 27. Be3 Qb7 28. Qd6 Ra6 29. Qg3 g5 30. Qf2 Rae6 31. Bd4 Bf8 32.
Nxe4 fxe4 33. Qe3 Bd6 34. g3 Qd5 35. b3 axb3 36. axb3 Be5 37. Bxe5 Qxe5 38. c4 Rf6 39. Rf1 Rd6 40. c5 Rd5 41. b4 d2 42. Rbd1 Rd3 43.
Qf2 e3 44. Qf7+ Kh8 45. Rf6 1-0

[Event "*** Titled Tuesday 3|2 Blitz (Early)"]
[Site "Chess.com"]
[Date "2017.01.03"]
[Round "6"]
[White "Ginger_GM"]
[Black "Canonkasparov"]
[Result "1-0"]
[WhiteElo "2452"]
[BlackElo "2314"]
[TimeControl "180+2"]
[EndTime "12:17:36 PST"]
[Termination "Ginger_GM won by resignation"]

1. e4 d5 2. exd5 Qxd5 3. Nc3 Qa5 4. Bc4 Nf6 5. d3 c6 6. Bd2 Qd8 7. Qe2 g6 8. h4 Bg7 9. Nf3 Bg4 10. Bxf7+ Kxf7 11. Ne5+ Ke8 12. Nxg4 Nxg4 13. Qxg4 Qd7 14. Qe2 Qf5 15. O-O-O Nd7 16. Rde1 e5 17. g4 Qf7 18. h5 Kd8 19. Kb1 Kc7 20. h6 Bf6 21. f4 Rae8 22. Ne4 Re6 23. f5 gxf5 24. gxf5 Re7 25. Reg1 Ree8 26. Bb4 c5 27. Nxc5 Nxc5 28. Bxc5 Qd5 29. Ba3 e4 30. dxe4 Rxe4 31. Qd3 Qxd3 32. cxd3 Re2 33.
Rc1+ Kd7 34. Rc2 Rhe8 35. d4 Re1+ 36. Rc1 R1e2 37. Bb4 Bxd4 38. Bc3 Bxc3 39. bxc3 R8e5 40. Rc2 Rxc2 41. Kxc2 Rxf5 42. Rg1 Rf7 43. Kd3 Ke6 44. Ke4 Rf6 45. Rg7 Rxh6 46. Rxb7 Rh4+ 47. Kd3 Ra4 48. Rb2 h5 49. c4 Ke5 50. Re2+ Kf4 51. c5 h4 52. c6 Ra6 53. Rc2 Ra3+ 54. Kd4 Ra4+ 55.
Kd5 Ra5+ 56. Kd6 Ra6 57. Kd7 h3 58. c7 Rh6 59. c8=Q h2 60. Qf8+ Kg3 61. Qxh6 1-0

[Event "*** Titled Tuesday 3|2 Blitz (Early)"]
[Site "Chess.com"]
[Date "2017.01.03"]
[Round "6"]
[White "HK1974"]
[Black "Wolverine_master"]
[Result "1-0"]
[WhiteElo "2179"]
[BlackElo "2018"]
[TimeControl "180+2"]
[EndTime "12:17:37 PST"]
[Termination "HK1974 won by checkmate"]

1. e4 d5 2. exd5 Qxd5 3. Nc3 Qd6 4. Nf3 Nf6 5. g3 a6 6. Bg2 Nc6 7. O-O Bg4 8. h3 Bh5 9. d3 O-O-O 10. Re1 e5 11. b4 Nd4 12. b5 Nxf3+ 13. Bxf3 Bxf3 14.
Qxf3 a5 15. b6 Nd5 16. bxc7 Nxc7 17. Rb1 Nd5 18. Qxf7 Rd7 19. Qe8+ Rd8 20. Qb5 Qc6 21. Nxd5 Rxd5 22. Qb3 Bb4 23. Re4 Rf8 24. Be3 Bc5 25. Rc4 Rf7 26. Rxc5 Rxc5 27. Qxf7 Rxc2 28. Qf8+ Kc7 29. Qxg7+ Kc8 30. Qxe5 a4 31. a3 Ra2 32.
Qf5+ Kb8 33. Bf4+ Ka8 34. Qa5+ Qa6 35. Qd8+ Ka7 36. Qb8# 1-0

[Event "*** Titled Tuesday 3|2 Blitz (Early)"]
[Site "Chess.com"]
[Date "2017.01.03"]
[Round "6"]
[White "RobertoJBM"]
[Black "Haykos"]
[Result "0-1"]
[WhiteElo "2475"]
[BlackElo "2437"]
[TimeControl "180+2"]
[EndTime "12:17:39 PST"]
[Termination "Haykos won on time"]

1. d4 d5 2. Nf3 Nf6 3. e3 e6 4.
Bd3 c5 5. b3 Nc6 6. O-O Be7 7.
Bb2 O-O 8. a3 cxd4 9. exd4 b6 10.
Qe2 Bb7 11. Nbd2 Rc8 12. Ne5 Nxe5 13. dxe5 Nd7 14. b4 a5 15. c3 Qc7 16. f4 Nb8 17.
f5 exf5 18. Rxf5 Nc6 19. Re1 g6 20. Rff1 Rce8 21. Nf3 Bf6 22. Bb5 Bg7 23. Qd2 Re7 24. c4 Nxe5 25. Bxe5 Bxe5 26. cxd5 axb4 27. axb4 Bd6 28.
Rc1 Qd8 29. Bc6 Ba6 30. b5 Bc8 31. Nd4 Bc5 32. Kh1 Qd6 33. Nb3 Be3 34. Qc3 Bxc1 35. Nxc1 Bf5 36. Nb3 Be4 37. Qd4 Rd8 38. Rd1 Bc2 39.
Nc1 Bxd1 40. Qxd1 Qb4 41. Nd3 Qc3 42. h3 Re3 0-1